 Dungeon Crawl Stone Soup version 0.29.0-4-gdea44cf6ec (webtiles) character file.

Game seed: 11388099047808414414

45 qw the Chopper (level 3, -1/21 HPs)
             Began as a Tengu Warper on Aug 28, 2022.
             Slain by a gnoll
             ... wielding a +0 spear
              (6 damage)
             ... on level 2 of the Dungeon.
             The game lasted 00:00:10 (2205 turns).

qw the Chopper (Tengu Warper)                       Turns: 2205, Time: 00:00:10

Health: -1/21      AC:  5    Str: 13    XL:     3   Next: 64%
Magic:  7/7        EV: 11    Int: 13    God:
Gold:   64         SH:  0    Dex: 13    Spells: 6/6 levels left

rFire   . . .      SeeInvis +   Y - +2 hand axe
rCold   . . .      Faith    .   (no shield)
rNeg    . . .      Spirit   .   j - +0 ring mail
rPois   .          Reflect  .   (helmet restricted)
rElec   .          Harm     .   (no cloak)
rCorr   .          Rampage  .   (no gloves)
Will    .....                   (boots unavailable)
Stlth   +.........              (no amulet)
HPRegen 0.07/turn               g - ring of see invisible
MPRegen 0.10/turn               (no ring)

@: no status effects
A: beak, talons 3
a: no special abilities


You were on level 2 of the Dungeon.
You visited 1 branch of the dungeon, and saw 2 of its levels.

You collected 64 gold pieces.


Innate Abilities, Weirdness & Mutations

You have a beak for a mouth.
You have claws for feet.


   Skills:
 - Level 2.0 Fighting
 + Level 4.3 Axes
 - Level 1.0 Throwing
 - Level 1.1 Armour
 - Level 2.1 Dodging
 - Level 2.0 Spellcasting
 - Level 2.4 Translocations


You had 6 spell levels left.
You didn't know any spells.
Your spell library contained the following spells:

 Spells                   Type           Power      Damage    Failure   Level
 Blink                    Tloc           14%        N/A       30%         2
 Gell's Gravitas          Tloc           7%         N/A       52%         3
 Lesser Beckoning         Tloc           7%         N/A       52%         3
 Teleport Other           Tloc           7%         N/A       52%         3
 Manifold Assault         Tloc           7%         N/A       99%         5

Inventory:

Hand Weapons
 k - a +0 club
 Y - a +2 hand axe (weapon)
Armour
 j - a +0 ring mail (worn)
Jewellery
 b - a ring of see invisible
 g - a ring of see invisible (left hand)
Potions
 a - a potion of resistance {unknown}
 l - 3 potions of curing {unknown}
 m - a potion of attraction {unknown}

Dungeon Overview and Level Annotations

Branches:
Dungeon (2/15)

Altars:


Message History

Enter note:
Enter note: A hobgoblin is nearby!
You closely miss the hobgoblin. You claw the hobgoblin.
The hobgoblin is almost dead.
The hobgoblin barely misses you.
You hit the hobgoblin.
You kill the hobgoblin!
A gnoll and a bat come into view.
The gnoll shouts!
A quokka comes into view.
Enter note: A gnoll comes into view. It is wielding a +0 spear. x2
The bat hits you but does no damage.
You barely miss the bat.
The gnoll shouts! x2
Your punch misses the bat. The bat barely misses you.
Found a scroll labelled JOSUSI TUEZOST.
The bat barely misses you.
You hit the quokka. You claw the quokka.
You kill the quokka!
The gnoll barely misses you. The bat closely misses you.
You hit the bat. Your kick misses the bat. Your peck misses the bat.
The bat is moderately wounded.
The bat barely misses you. The gnoll barely misses you.
A rat comes into view.
The gnoll hits you from afar with a +0 spear.
You hit the bat. You claw the bat.
You kill the bat!
The gnoll hits you from afar with a +0 spear.
The gnoll closely misses you. The gnoll barely misses you.
The gnoll misses you. The gnoll barely misses you.
The gnoll hits you but does no damage.
You hit the gnoll. You peck the gnoll.
The gnoll is lightly wounded.
You hit the gnoll but do no damage. You barely miss the gnoll.
The gnoll hits you with a +0 spear! The gnoll barely misses you.
The gnoll hits you with a +0 spear.
You die...

...........#..#.....
............##.....
#.........##......
#............##...
#######...#.....#####.#
.#...............# #.#
.....?.%...#.....#####.#
.......%..###..........#
.......@..# ###.#......#
......ggg## #........#
.........# #..##....
.?....r..# ####...##..)
.......... ..).........
.........## ####.../...#
.......### .....##.####
#...... ####..#.....
#.#.####


You could see 3 gnolls and a rat.

Vanquished Creatures
  3 worms (D:2)
  2 endoplasms
  2 giant cockroaches (D:1)
  6 goblins
  3 hobgoblins
  A jackal (D:2)
  2 quokkas
  4 ball pythons
  3 bats
  3 frilled lizards (D:1)
  2 kobolds
  3 rats (D:1)
34 creatures vanquished.

Notes
Turn   | Place    | Note
-------+----------+-------------------------------------------
     0 | D:1      | qw the Tengu Warper began the quest for the Orb.
     0 | D:1      | Reached XP level 1. HP: 12/12 MP: 4/4
     0 | D:1      | 0 ||| qw: Version: 0.1-a-89-g26bdef1
     0 | D:1      | 0 ||| qw: Game counter: 3082
     0 | D:1      | 0 ||| qw: Always use a shield: true
     0 | D:1      | 0 ||| qw: God list: Okawaru
     0 | D:1      | 0 ||| qw: Allow faded altars: false
     0 | D:1      | 0 ||| qw: Do Orc after D:15 true
     0 | D:1      | 0 ||| qw: Do second Lair branch before Depths: true
     0 | D:1      | 0 ||| qw: Lair rune preference: random
     0 | D:1      | 0 ||| qw: Plans: Normal
     0 | D:1      | 0 ||| PLANNING D:1-11
   103 | D:1      | Found a faded altar of an unknown god.
   617 | D:1      | Reached XP level 2. HP: 17/17 MP: 6/6
   631 | D:1      | Reached skill level 3 in Axes
  1472 | D:1      | 1472 ||| UPGRADING to +0 ring mail.
  1482 | D:1      | 1482 ||| DROPPING +0 leather armour.
  1483 | D:1      | 1483 ||| UPGRADING to ring of see invisible.
  1484 | D:1      | 1484 ||| READING scroll labelled VEOMAT BOHIE.
  1485 | D:1      | 1485 ||| READING scroll labelled WANYUB VYUSA.
  1486 | D:1      | 1486 ||| READING 2 scrolls labelled GOPLOIQ NOKI.
  1487 | D:1      | 1487 ||| READING scroll of enchant weapon.
  1487 | D:1      | 1487 ||| ENCHANTING +1 hand axe.
  1488 | D:1      | 1488 ||| READING scroll labelled OTZIYSHR JYBOSS.
  1489 | D:1      | 1489 ||| READING scroll labelled UCLIGU NULOILL.
  1490 | D:1      | 1490 ||| READING scroll labelled OSUNGI BAGH.
  1491 | D:1      | 1491 ||| DROPPING scroll of blinking.
  1492 | D:1      | 1492 ||| Stepping randomly (stuck).
  1493 | D:1      | 1493 ||| Stepping ~*~*~tactically~*~*~ (cloud).
  1497 | D:1      | HP: 4/17 [poisoned by you (poison gas)]
  1827 | D:2      | Reached XP level 3. HP: 20/21 MP: 7/7
  1959 | D:2      | Reached skill level 4 in Axes
  2205 | D:2      | HP: 5/21 [gnoll/+0 spear (7)]
  2205 | D:2      | Slain by a gnoll

Levels and vault maps discovered:
D:1:      reono_arrival_mine, layout_basic, chequers_ecumenical_altar_simple
D:2:      layout_rooms, minmay_octomino_e4

Skill      XL: |  1  2  3 |
---------------+----------+-----
Axes           | 3 4 |  4.3
Fighting       | |  2.0
Throwing       | |  1.0
Armour         | |  1.1
Dodging        | |  2.1
Spellcasting   | |  2.0
Translocations | |  2.4

Action                   || total
-------------------------++-------
Melee: Hand axe          ||    85
       Kick              ||    19
       Peck              ||     5
       Punch             ||     1
Throw: Boomerang         ||     7
  Use: Scroll            ||     7
Armor: Leather armour    ||    15
       Ring mail         ||     6
Dodge: Dodged            ||    43

Table legend:
 A = Non-vault XP
 B = Vault XP
 C = Vault XP percentage of total XP
 D = Non-vault monster count
 E = Vault monster count
 F = Vault count percentage of total count
                 A         B        C        D         E       F
            +---------+---------+-------+---------+---------+-------
      Total |      65 |       0 |   0.0 |      34 |       0 |   0.0
            +---------+---------+-------+---------+---------+-------
        D:1 |      28 |       0 |   0.0 |      19 |       0 |   0.0
        D:2 |      37 |       0 |   0.0 |      15 |       0 |   0.0
            +---------+---------+-------+---------+---------+-------
